 Dungeon Crawl Stone Soup version 0.18.2-3-g5ac21b8443 (webtiles) character file.

697 Kurba the Magician (level 7, -1/41 HPs)
             Began as a High Elf Fire Elementalist on Oct 20, 2020.
             Was a Follower of Sif Muna.
             Slain by an orc
             ... wielding a +0 hand axe
              (5 damage)
             ... on level 5 of the Dungeon.
             The game lasted 00:37:44 (7993 turns).

Kurba the Magician (High Elf Fire Elementalist)     Turns: 7993, Time: 00:37:44

Health: -1/41      AC:  3    Str:  7    XL:     7   Next: 38%
Magic:  24/24      EV: 15    Int: 20    God:    Sif Muna [*.....]
Gold:   107        SH:  0    Dex: 17    Spells: 4 memorised, 6 levels left

rFire  . . .     SeeInvis .     p - -1 scythe (curse)
rCold  . . .     Gourm    .     q - +0 robe
rNeg   . . .     Faith    .     (shield currently unavailable)
rPois  .         Spirit   .     (no helmet)
rElec  .         Dismiss  .     (no cloak)
rCorr  .         Reflect  .     f - +0 pair of gloves
SustAt .         Harm     .     (no boots)
MR     .....                    (no amulet)
Stlth  ++........               (no ring)
                                k - ring of magical power

@: fainting, not resistant to hostile enchantments, unstealthy
A: no striking features
a: Channel Energy, Renounce Religion


You were on level 5 of the Dungeon.
You worshipped Sif Muna.
Sif Muna was aware of your devotion.
You were fainting.

You visited 1 branch of the dungeon, and saw 5 of its levels.

You collected 107 gold pieces.

Inventory:

Hand Weapons
 p - a cursed -1 scythe (weapon)
 r - a +1 war axe of distortion
Missiles
 e - a throwing net (quivered)
Armour
 a - a +0 robe
 f - a +0 pair of gloves (worn)
 n - the cursed +1 leather armour "Lyagg" {+Blink Str-3 Slay+2 Stlth+, unknown}
   (You found it on level 4 of the Dungeon)

   It affects your strength (-3).
   It affects your accuracy and damage with ranged weapons and melee attacks
   (+2).
   It lets you blink.
   It makes you more stealthy.
   It has a curse placed upon it.
 q - a +0 robe (worn)
Jewellery
 k - a ring of magical power (left hand)
Scrolls
 c - 2 scrolls of identify
 d - 2 scrolls of amnesia
 g - 3 scrolls of remove curse
 j - a scroll of magic mapping
 m - a scroll of teleportation
Potions
 h - a potion of cure mutation {unknown}
 i - 2 potions of curing {unknown}
 l - a potion of ambrosia {unknown}
 o - 2 potions of degeneration {unknown}
Books
 b - a book of Flames

   Spells                             Type                      Level
   a - Flame Tongue                   Conjuration/Fire             1
   b - Throw Flame                    Conjuration/Fire             2
   c - Conjure Flame                  Conjuration/Fire             3
   d - Inner Flame                    Hexes/Fire                   3
   e - Sticky Flame                   Conjuration/Fire             4
   f - Fireball                       Conjuration/Fire             5
 s - a book of Summonings

   Spells                             Type                      Level
   a - Recall                         Summoning/Translocation      3
   b - Aura of Abjuration             Summoning                    5
   c - Summon Demon                   Summoning                    5
   d - Summon Forest                  Summoning/Translocation      5
   e - Summon Mana Viper              Hexes/Summoning              5
   f - Shadow Creatures               Summoning                    6


   Skills:
 + Level 0.2 Fighting
 + Level 0.2 Axes
 * Level 4.4 Dodging
 + Level 2.9 Stealth
 * Level 5.1 Spellcasting
 * Level 3.9 Conjurations
 + Level 0.8 Hexes
 * Level 5.1 Fire Magic


You had 6 spell levels left.
You knew the following spells:

 Your Spells              Type           Power        Failure   Level  Hunger
a - Flame Tongue          Conj/Fire      ###..        1%          1    None
b - Throw Flame           Conj/Fire      ###...       2%          2    None
c - Inner Flame           Hex/Fire       ###.....     12%         3    ##.....
d - Sticky Flame          Conj/Fire      ###.....     21%         4    ####...


Dungeon Overview and Level Annotations

Branches:
Dungeon (5/15)
 Temple: D:4-7

Altars:
Nemelex Xobeh
Qazlal
Sif Muna
Vehumet

Shops:
D:4 =


Message History

The orc is moderately wounded.
The orc barely misses you. The orc closely misses you.
You hit the orc.
The orc is moderately wounded.
The orc hits you with a mace. The orc closely misses you.
The orc hits you with a mace. The orc misses you.
You closely miss the orc.
The orc is moderately wounded.
The orc hits you but does no damage. The orc misses you.
The orc barely misses you. The orc hits you with a mace!
* * * LOW HITPOINT WARNING * * *
You hit the orc.
The orc is severely wounded.
The orc barely misses you. The orc misses you. The orc barely misses you.
You barely miss the orc.
The orc is severely wounded.
The orc hits you with a mace.
* * * LOW HITPOINT WARNING * * *
The orc barely misses you. x2; The orc hits you with a hand axe.
You die...

##.## #.#.#.# .#
#.#.#.#.# #.#.#.#.#
###.#.#.#.#
#.....#.#.#
#.....#.#.#
##.#####.......#.##
......('.......#..#
##.....#.......o@.#
#...!.#...##.##o.#
+...o.#...##.##..#
#.....#...##.##..#
#.....######.##..#
#....o# #.##..#
#..o..# #.##..#
#.##..# #.##..#


You could see 2 orcs.

Vanquished Creatures
  Sigmund (D:4)
  An ogre (D:3)
  A scorpion (D:4)
  2 howler monkeys (D:4)
  3 orc priests (D:4)
  An orc wizard (D:4)
  A worker ant (D:4)
  A gnoll (D:5)
  8 adders
  A shadow imp (D:5)
  An ooze (D:3)
  An adder skeleton (D:4)
  A worm (D:2)
  3 dart slugs
  2 giant geckos (D:1)
  9 orcs
  3 ball pythons
  11 bats
  5 giant cockroaches
  7 goblins
  8 hobgoblins
  3 jackals (D:4)
  A quokka (D:3)
  5 giant newts
  A jackal skeleton (D:5)
  8 kobolds
  8 rats
97 creatures vanquished.

Vanquished Creatures (others)
  A kobold (D:3)
1 creature vanquished.

Grand Total: 98 creatures vanquished

Notes
Turn   | Place    | Note
--------------------------------------------------------------
     0 | D:1      | Kurba the High Elf Fire Elementalist began the quest for the Orb.
     0 | D:1      | Reached XP level 1. HP: 11/11 MP: 4/4
   382 | D:1      | Reached XP level 2. HP: 11/17 MP: 4/6
  1172 | D:1      | Learned a level 2 spell: Throw Flame
  1222 | D:1      | Reached XP level 3. HP: 21/21 MP: 4/8
  1561 | D:2      | Found a radiant altar of Vehumet.
  1561 | D:2      | Found a deep blue altar of Sif Muna.
  1801 | D:2      | Learned a level 3 spell: Inner Flame
  2695 | D:2      | Reached XP level 4. HP: 25/27 MP: 0/9
  3905 | D:3      | Found a sparkling altar of Nemelex Xobeh.
  4098 | D:3      | Noticed an ogre
  4122 | D:3      | Killed an ogre
  4122 | D:3      | Reached XP level 5. HP: 31/31 MP: 2/11
  4282 | D:3      | Learned a level 4 spell: Sticky Flame
  4615 | D:2      | Became a worshipper of Sif Muna the Loreminder
  4949 | D:3      | Found a stormy altar of Qazlal.
  5185 | D:4      | Got a transparent leather armour
  5211 | D:4      | Found Hiuwkead's Jewellery Shop.
  5221 | D:4      | Reached XP level 6. HP: 25/36 MP: 3/12
  5768 | D:4      | Noticed Sigmund
  7063 | D:4      | Killed Sigmund
  7063 | D:4      | Reached * piety under Sif Muna
  7063 | D:4      | Reached skill level 5 in Fire Magic
  7063 | D:4      | Reached XP level 7. HP: 23/41 MP: 0/15
  7427 | D:4      | Reached skill level 5 in Spellcasting
  7557 | D:5      | Entered Level 5 of the Dungeon
  7961 | D:5      | Paralysed by fainting for 6 turns
  7993 | D:5      | Slain by an orc

Skill      XL: |  1  2  3  4  5  6  7 |
---------------+----------------------+-----
Spellcasting   | 3 4 5 |  5.1
Dodging        | 3 4 |  4.4
Conjurations   | 2 3 |  3.9
Fire Magic     | 4 5 |  5.1
Fighting       | |  0.2
Axes           | |  0.2
Stealth        | |  2.9
Hexes          | |  0.8

Action                   |  1- 3 |  4- 6 |  7- 9 || total
-------------------------+-------+-------+-------++-------
Melee: Unarmed           |     2 |     4 |       ||     6
       War axe           |       |     6 |       ||     6
       Scythe            |       |       |    30 ||    30
Throw: Throwing net      |       |     1 |       ||     1
 Cast: Flame Tongue      |    52 |     1 |       ||    53
       Throw Flame       |    22 |   121 |    22 ||   165
       Inner Flame       |     6 |     9 |     2 ||    17
  Use: Scroll            |     4 |     8 |       ||    12
  Eat: Bread ration      |     1 |     1 |       ||     2
       Meat ration       |     1 |     2 |       ||     3
       Chunk             |       |     1 |       ||     1
Armor: Robe              |    15 |    12 |     8 ||    35
Dodge: Dodged            |    42 |    72 |    47 ||   161
